 Dungeon Crawl Stone Soup version 0.20.0-15-g7f486f2 (webtiles) character file.

193 vishdafish the Shield-Bearer (level 6, -2/49 HPs)
             Began as a Formicid Fighter on June 27, 2017.
             Splashed by Ijyb's acid (12 damage)
             ... on level 3 of the Dungeon.
             The game lasted 00:03:19 (2417 turns).

vishdafish the Shield-Bearer (Formicid Fighter)     Turns: 2417, Time: 00:03:19

Health: -2/49      AC: 14    Str: 22    XL:     6   Next: 2%
Magic:  6/6        EV:  5    Int:  7    God:
Gold:   137        SH: 10    Dex: 11    Spells: 5/5 levels left

rFire    . . .     SeeInvis +   a - +0 war axe
rCold    . . .     Gourm    .   c - +0 shield
rNeg     . . .     Faith    .   l - +0 plate armour (curse)
rPois    .         Spirit   .   (helmet unavailable)
rElec    .         Reflect  .   (no cloak)
rCorr    .         Harm     .   (no gloves)
MR       .....                  x - +1 pair of boots
Stlth    ..........             (no amulet)
Regen    0.2/turn               (no ring)
MPRegen  0.1/turn               (no ring)

@: no status effects
A: permanent stasis, dig shafts and tunnels, four strong arms, antennae 3
a: Dig, Shaft Self


You were on level 3 of the Dungeon.
You were not hungry.

You visited 1 branch of the dungeon, and saw 3 of its levels.

You collected 137 gold pieces.

Inventory:

Hand Weapons
 a - a +0 war axe (weapon)
Armour
 b - a +0 scale mail
 c - a +0 shield (worn)
 l - a cursed +0 plate armour (worn)
 x - a +1 pair of boots (worn)
Jewellery
 k - an uncursed ring of fire {unknown}
 s - an uncursed ring of fire {unknown}
Scrolls
 d - a scroll of remove curse
 i - a scroll of teleportation
 n - a scroll of magic mapping
 q - 2 scrolls of fear
 w - a scroll of enchant weapon
Potions
 e - a potion of mutation
 g - a potion of brilliance
 h - a potion of lignification
 j - 6 potions of curing
 r - a potion of berserk rage {unknown}
 t - a potion of magic {unknown}
 u - a potion of degeneration
Books
 v - a book of Death

   Spells                             Type                      Level
   a - Corpse Rot                     Necromancy                   2
   b - Sublimation of Blood           Necromancy                   2
   c - Agony                          Necromancy                   5
   d - Dispel Undead                  Necromancy                   5
   e - Excruciating Wounds            Charms/Necromancy            5
   f - Bolt of Draining               Conjuration/Necromancy       5
Comestibles
 f - a bread ration
 m - 4 fruits
 o - 3 meat rations
 p - 2 royal jellies


   Skills:
 + Level 4.3 Fighting
 * Level 3.6 Axes
 + Level 4.2 Armour
 + Level 4.7 Shields


You had 5 spell levels left.
You didn't know any spells.

Dungeon Overview and Level Annotations

Branches:
Dungeon (3/15)

Altars:
Ashenzari
Kikubaaqudgha

Annotations:
D:3 Ijyb


Innate Abilities, Weirdness & Mutations

You cannot be hasted, slowed, berserked, paralysed or teleported.
You can dig through walls and to a lower floor.
Your four strong arms can wield two-handed weapons with a shield.
You have a pair of large antennae on your head. (SInv)


Message History

You slash Ijyb!
Ijyb is heavily wounded.
Ijyb zaps a wand.
The bolt of acid misses you.
Your shield and plate armour prevent you from hitting Ijyb.
Ijyb is heavily wounded.
Ijyb zaps a wand.
The bolt of acid hits you!
You are splashed with acid!
The acid burns!
You are too injured to fight recklessly!
You are too injured to fight recklessly!
You are too injured to fight recklessly!
You are too injured to fight recklessly!
You are too injured to fight recklessly!
You are too injured to fight recklessly!
You are too injured to fight recklessly!
You slash Ijyb!
Ijyb is severely wounded.
Ijyb zaps a wand.
The bolt of acid hits you!
* * * LOW HITPOINT WARNING * * *
You are splashed with acid!
The acid burns!
You die...

#.# ####.##......#
#.####### ##.##
#.##.###### #.#
#... ###...# #.##.#
#.####.## ....#.#
#.##.# #........
###...# #.##.#
######.## ...####
#.##.# #.#.
##.##########.##.#
#.#. #......†...#
#.# #.#.
##########.# #@#
#.#. #.#....g.#
#(#. #######
##.####.#.# #.#.
......# #..# #.#.#
#######... ..###.#
#.## #.# #
#......... #_#
#.####.#####.#
#.######## #[#
#............#. #.#
#.# ####...........
#.#
#.######.#.########
#.#


You could see Ijyb.

Vanquished Creatures
  The ghost of vishdafish the Shield-Bearer, an amateur GrFi (D:3)
  A worker ant (D:3)
  4 adders
  2 oozes (D:2)
  A worm (D:2)
  2 dart slugs (D:1)
  A leopard gecko (D:1)
  An orc (D:3)
  2 ball pythons
  4 bats
  5 giant cockroaches
  5 goblins
  4 hobgoblins
  7 jackals
  4 frilled lizards
  A kobold (D:1)
  2 rats (D:1)
47 creatures vanquished.

Notes
Turn   | Place    | Note
-------+----------+-------------------------------------------
     0 | D:1      | vishdafish the Formicid Fighter began the quest for the Orb.
     0 | D:1      | Reached XP level 1. HP: 18/18 MP: 1/1
   360 | D:1      | Reached XP level 2. HP: 24/24 MP: 2/2
  1019 | D:2      | Reached XP level 3. HP: 24/29 MP: 3/3
  1229 | D:2      | Reached XP level 4. HP: 35/37 MP: 4/4
  1766 | D:3      | Found an ancient bone altar of Kikubaaqudgha.
  1815 | D:3      | Reached XP level 5. HP: 42/42 MP: 5/5
  2068 | D:3      | Found a shattered altar of Ashenzari.
  2070 | D:3      | Noticed vishdafish's ghost (amateur GrFi)
  2085 | D:3      | Killed vishdafish's ghost
  2085 | D:3      | Reached XP level 6. HP: 21/49 MP: 6/6
  2411 | D:3      | Noticed Ijyb
  2417 | D:3      | Splashed by Ijyb's acid

Skill      XL: |  1  2  3  4  5 |
---------------+----------------+-----
Shields        | 4 |  4.7
Axes           | 3 |  3.6
Fighting       | 4 |  4.3
Armour         | 4 |  4.2

Action                   |  1- 3 |  4- 6 || total
-------------------------+-------+-------++-------
Melee: War axe           |    93 |    97 ||   190
  Use: Potion            |       |     2 ||     2
       Scroll            |       |     9 ||     9
  Eat: Chunk             |     1 |       ||     1
       Bread ration      |       |     1 ||     1
Armor: Scale mail        |    22 |       ||    22
       Plate armour      |    40 |    52 ||    92
Dodge: Dodged            |    20 |    19 ||    39
Block: Shield            |    65 |    55 ||   120
